Map: Taito Citadel LE

Players

HeroMarine - Winner!

  • Race: Terran Terran
  • Spawn Location: 5:00

Zoun

  • Race: Protoss Protoss
  • League: Master
  • Spawn Location: 11:00

VOD

Have the link to the VOD?

Description

Time

  • Played on: Feb. 1, 2026, 9:09 a.m.
  • Length: 8:10
Show
View Real Time Build Order
Export as new Build Order

HeroMarine Terran - Winner!

Build Orders: Banshee Rush 

Get SALT Encoding   

  12  0:00  SCV  
  13  0:12  SCV  
  14  0:16  Supply Depot  
  14  0:24  SCV  
  15  0:38  SCV  
  15  0:39  Barracks  
  15  0:42  Refinery  
  16  0:50  SCV  
  16  0:52  Refinery  
  17  1:02  SCV  
  18  1:14  SCV  
  19  1:23  Supply Depot  
  19  1:28  Orbital Command, Reaper  
  20  1:40  Factory  
  20  1:54  SCV  
  20  2:00  Reaper  
  22  2:06  SCV  
  23  2:16  Command Center  
  23  2:19  SCV  
  24  2:27  Hellion  
  26  2:31  SCV  
  26  2:33  Supply Depot  
  26  2:36  Reaper  
  28  2:43  SCV  
  29  2:48  Hellion  
  31  2:53  Starport  
  31  2:56  SCV  
  32  3:08  Barracks Reactor, SCV  
  32  3:11  Factory Tech Lab  
  33  3:20  SCV  
  34  3:28  Orbital Command  
  34  3:32  SCV  
  35  3:36  Factory Tech Lab  
  35  3:44  Cloaking Field, Banshee, SCV  
  35  3:46  Marine x2  
  41  3:55  SCV  
  41  3:57  SCV, Supply Depot  
  41  3:59  Siege Tank  
  45  4:04  Marine x2  
  45  4:07  SCV  
  45  4:09  SCV  
  49  4:15  Barracks  
  49  4:20  SCV  
  49  4:21  SCV, Marine  
  49  4:22  Marine  
  53  4:27  Banshee, Barracks  
  56  4:32  SCV  
  56  4:33  SCV  
  56  4:35  Supply Depot  
  58  4:38  Siege Tank  
  58  4:44  SCV  
  62  4:48  SCV  
  62  4:51  Refinery  
  62  4:52  Engineering Bay  
  62  4:57  Marine x2, SCV  
  65  5:00  SCV  
  65  5:01  Supply Depot  
  65  5:02  Supply Depot  
  64  5:09  SCV  
  64  5:10  Siege Tank  
  64  5:12  SCV  
  69  5:15  Marine  
  69  5:18  Refinery  
  69  5:20  Stimpack  
  70  5:22  Supply Depot, Marine  
  70  5:23  SCV  
  70  5:24  Marine x2  
  70  5:26  SCV  
  74  5:31  Supply Depot  
  74  5:32  Terran Infantry Weapons Level 1  
  74  5:34  Marine  
  74  5:35  SCV  
  76  5:39  SCV  
  76  5:42  Starport Reactor  
  77  5:47  SCV  
  77  5:48  Marine x3  
  81  5:52  SCV, Marine  
  80  5:59  SCV  
  78  6:04  SCV  
  78  6:06  Marine x3  
  78  6:10  Marine, Factory Reactor  
  84  6:13  Combat Shield  
  84  6:16  SCV  
  82  6:20  Medivac x2  
  82  6:21  Command Center  
  82  6:23  Marine  
  82  6:24  Marine  
  87  6:31  Missile Turret x2  
  87  6:32  Marauder  
  89  6:33  Marine  
  89  6:35  SCV x2  
  92  6:44  Marauder  
  94  6:49  Marine  
  94  6:51  Marine  
  94  6:53  Medivac x2, Marauder  
  102  7:00  Concussive Shells  
  102  7:07  Barracks  
  101  7:08  Barracks  
  101  7:14  Marine  
  102  7:16  Marine  
  102  7:18  Widow Mine  
  102  7:20  SCV, Marauder  
  102  7:23  SCV  
  102  7:24  Widow Mine  
  102  7:26  Marauder  
  96  7:36  Marine  
  89  7:37  Marine  
  89  7:40  Widow Mine, SCV  
  89  7:42  Marauder, SCV  
  95  7:46  Widow Mine  
  95  7:48  Marauder  
Show
View Real Time Build Order
Export as new Build Order

Zoun Protoss 

Build Orders: 1 Gate Expand, Blink Stalkers 

Get SALT Encoding   

  12  0:00  Probe  
  13  0:12  Probe  
  14  0:17  Pylon  
  14  0:23  Probe  
  15  0:31  Probe  
  16  0:36  Gateway  
  16  0:39  Probe  
  16  0:45  Assimilator  
  17  0:50  Probe  
  18  1:03  Probe  
  19  1:15  Probe  
  20  1:25  Cybernetics Core  
  20  1:35  Nexus  
  20  1:40  Pylon  
  20  1:42  Probe  
  21  1:48  Assimilator  
  21  1:53  Adept  
  21  1:54  Probe  
  22  2:01  Warp Gate  
  22  2:06  Probe  
  25  2:09  Shield Battery  
  25  2:18  Stalker, Probe  
  28  2:30  Twilight Council  
  28  2:35  Probe  
  29  2:40  Blink  
  29  2:42  Shield Battery  
  29  2:43  Probe  
  29  2:48  Probe  
  31  2:51  Adept, Probe  
  34  3:00  Probe  
  34  3:02  Probe  
  36  3:12  Probe  
  37  3:19  Gateway  
  37  3:20  Probe  
  37  3:24  Probe  
  39  3:28  Robotics Facility  
  39  3:32  Probe  
  40  3:35  Pylon  
  39  3:41  Probe  
  39  3:47  Probe  
  41  3:51  Stalker  
  41  3:54  Probe  
  44  4:03  Gateway  
  44  4:06  Probe  
  44  4:08  Probe  
  46  4:14  Stalker, Warp Prism  
  50  4:21  Stalker  
  50  4:22  Pylon  
  50  4:24  Probe  
  53  4:27  Assimilator  
  53  4:33  Pylon  
  53  4:34  Probe  
  54  4:40  Probe, Stalker  
  57  4:54  Probe  
  58  5:02  Stalker x2  
  58  5:05  Stalker  
  64  5:10  Observer  
  65  5:14  Probe  
  65  5:16  Probe  
  65  5:17  Nexus  
  65  5:18  Pylon  
  67  5:26  Probe  
  68  5:28  Stalker  
  68  5:31  Pylon  
  68  5:33  Robotics Bay  
  70  5:36  Probe  
  70  5:38  Pylon  
  70  5:40  Observer  
  72  5:43  Probe  
  72  5:48  Probe  
  74  5:53  Stalker x3  
  78  5:58  Probe  
  78  6:03  Probe  
  74  6:10  Probe  
  70  6:15  Probe  
  70  6:18  Probe  
  70  6:24  Colossus  
  71  6:26  Probe  
  71  6:27  Probe  
  79  6:36  Probe  
  79  6:37  Probe  
  79  6:38  Probe  
  81  6:44  Probe  
  82  6:49  Probe x2  
  85  6:55  Probe  
  86  7:01  Probe  
  87  7:09  Gateway  
  87  7:10  Gateway  
  87  7:11  Shield Battery, Stalker, Gateway  
  87  7:20  Stalker x2  
  61  7:38  Stalker  
  61  7:42  Probe x3  
Tags
 
Add a new tag
Caveats
  • Supply blocks, unpowered buildings, or Contaminate may cause inaccurate times.
  • Supply counts are checked every 10 seconds.